 Dungeon Crawl Stone Soup version 0.24.0-2-g5b39cebb1c (webtiles) character file.

Game seed: 10565167266821407789, levelgen mode: deterministic

54 Mrkan the Poker (level 3, -1/42 HPs)
             Began as a Merfolk Gladiator on Oct 29, 2019.
             Slain by an adder (2 damage)
             ... on level 2 of the Dungeon.
             The game lasted 00:02:11 (1161 turns).

Mrkan the Poker (Merfolk Gladiator)                 Turns: 1161, Time: 00:02:13

Health: -1/42      AC: 21    Str: 13 (14) XL:     3   Next: 91%
Magic:  3/3        EV:  2    Int:  5 (7)  God:
Gold:   61         SH:  0    Dex: 13 (16) Spells: 2/2 levels left

rFire    . . .     SeeInvis .   a - +0 trident
rCold    . . .     Gourm    .   (no shield)
rNeg     + + +     Faith    .   (armour currently unavailable)
rPois    +         Spirit   .   (helmet currently unavailable)
rElec    .         Reflect  .   (cloak currently unavailable)
rCorr    .         Harm     .   (gloves currently unavailable)
MR       .....     NoTele   +   (boots currently unavailable)
Stlth    +.........             (no amulet)
HPRegen  0.14/turn              (no ring)
MPRegen  0.08/turn              (no ring)

@: tree-form
A: (change form in water), (swift swim), (stealthy swim)
a: no special abilities


You were on level 2 of the Dungeon.
You were not hungry.
You were a tree.
You visited 1 branch of the dungeon, and saw 2 of its levels.

You collected 61 gold pieces.

Inventory:

Hand Weapons
 a - a +0 trident (weapon)
Missiles
 d - 3 throwing nets (quivered)
 l - 79 stones
Armour
 b - a +0 leather armour (melded)
 c - a +0 helmet (melded)
Jewellery
 p - an uncursed ring of resist corrosion {unknown}
Scrolls
 e - a scroll of blinking {unknown}
 g - a scroll of enchant armour {unknown}
 k - a scroll of teleportation {unknown}
 m - 2 scrolls of identify {unknown}
 n - a scroll of enchant weapon {unknown}
 o - a scroll of random uselessness {unknown}
Potions
 i - a potion of lignification
Comestibles
 f - 2 rations
 h - 3 chunks of flesh


   Skills:
 + Level 2.9 Fighting
 * Level 5.7 Polearms
 - Level 2.0 Throwing
 + Level 4.6 Dodging


You had 2 spell levels left.
You didn't know any spells.
Your spell library was empty.

Dungeon Overview and Level Annotations

Branches:
Dungeon (2/15)

Altars:


Message History

You barely miss the adder.
You feel sick.
The adder bites you but does no damage. x2
You hit the adder.
The adder is heavily wounded.
The adder bites you but does no damage.
You hit the adder.
The adder is heavily wounded.
The adder bites you but does no damage.
It was a potion of degeneration.
There was something very wrong with that liquid.
You feel weakened.
You feel dopey.
You feel clumsy. The adder bites you but does no damage. The adder bites you.
* * * LOW HITPOINT WARNING * * *
You closely miss the adder.
The adder is heavily wounded.
* * * LOW HITPOINT WARNING * * *
You feel sick.
You are no longer poisoned.
The adder bites you.
You die...

#÷#.♣.♣.#)#........#####
#.÷..<..#..........#
#.#.♣.♣.#.#..#...###
#.##...##.#..#...#
#.♣#####♣.##.##.##
##.......##..##.#
.#########...##..
.......†....######
..########♣## #S#
#####w##### #......†..#
#.###.###w# #.# #)# #.#
... #....... ..#.#.w..


You could see a worm and an adder.

Vanquished Creatures
  An adder (D:2)
  4 giant cockroaches (D:1)
  6 goblins (D:1)
  10 hobgoblins
  3 kobolds (D:1)
  A quokka (D:2)
  A ball python (D:2)
  5 bats (D:1)
  4 frilled lizards
  6 rats
41 creatures vanquished.

Notes
Turn   | Place    | Note
-------+----------+-------------------------------------------
     0 | D:1      | Mrkan the Merfolk Gladiator began the quest for the Orb.
     0 | D:1      | Reached XP level 1. HP: 16/16 MP: 1/1
   112 | D:1      | Reached XP level 2. HP: 18/23 MP: 2/2
   305 | D:1      | Reached skill level 5 in Polearms
   556 | D:1      | Reached XP level 3. HP: 28/28 MP: 3/3
  1160 | D:2      | HP: 2/42 [adder (3)]
  1161 | D:2      | Slain by an adder

Levels and vault maps discovered:
D:1:      dpeg_arrival_more_subterranean_lakeside_camping, layout_loops_ring,
          minmay_cut_off
D:2:      layout_loops_cross, overflow_temple_1_default, kennysheep_nub,
          grunt_ministairs_11, minmay_pentomino_r2

Skill      XL: |  1  2 |
---------------+-------+-----
Polearms       | 5 |  5.7
Fighting       | |  2.9
Throwing       | |  2.0
Dodging        | |  4.6

Action                   || total
-------------------------++-------
Melee: Trident           ||   150
  Use: Potion            ||     2
 Stab: Sleeping          ||     2
  Eat: Chunk             ||     1
Armor: Leather armour    ||    46
       Skin              ||     8
Dodge: Dodged            ||   127
